Golden Knights vs Capitals

Created - 4 février 2018 at 15:55

Goals
1 2 3 T
Golden Knights 0 1 0 1
Capitals 3 1 1 5
Shots
1 2 3 T
Golden Knights 6 10 16 32
Capitals 17 5 11 33

1st period

1. Capitals , Travis Zajac 19 (Bobby Ryan 25, Kenndal McArdle 23) at 11:21 (PP)
2. Capitals , Travis Zajac 20 (Bobby Ryan 26, Ryan Whitney 36) at 18:37
3. Capitals , Bobby Ryan 22 (Christian Ehrhoff 36, Kenndal McArdle 24) at 19:57 (PP)

Penalties :
Ryan Whitney (WSH) for Interference (Minor) at 2:02, Mattias Ritola (GOL) for Tripping (Minor) at 10:07, Mattias Ritola (GOL) for Interference (Minor) at 19:32

2nd period

4. Golden Knights , Ville Leino 13 (Joffrey Lupul 21, Matt Carle 25) at 12:04
5. Capitals , Michael Stone 7 (Travis Zajac 32, Ryan Whitney 37) at 14:32

Penalties :
Marco Scandella (WSH) for Interference (Minor) at 8:41, Bobby Ryan (WSH) for Hooking (Minor) at 13:21, Jay Harrison (GOL) for Hooking (Minor) at 13:21

3rd period

6. Capitals , Cam Atkinson 14 (Tyler Spurgeon 10, Brandon Saad 15) at 1:27

Penalties :
Ryan Whitney (WSH) for Holding (Minor) at 1:30, Jay Harrison (GOL) for Hooking (Minor) at 4:31, Cam Atkinson (WSH) for Holding (Minor) at 16:53

Goalie Stats

Thomas McCollum (GOL), 19 saves from 24 shots - (0,792), L, 3-4-1, 41:27 minutes
Brian Eklund (GOL), 9 saves from 9 shots - (1,000), 18:33 minutes
Kari Lehtonen (WSH), 31 saves from 32 shots - (0,969), W, 33-16-2, 60:00 minutes

Players Stats for Golden Knights

Player Name              G  A  P  +/- PIM S  H  SB GA TA FO     MP     PP MP  PK MP  
------------------------------------------------------------------------------------
Barret Jackman           0  0  0   0  0   3  1  0  0  0  0/0    23:03   4:31   2:01 
David Perron             0  0  0   0  0   1  0  0  0  0  1/1     5:23   0:00   2:43 
Dennis Everberg          0  0  0   0  0   0  0  0  0  0  2/2     2:40   0:00   0:00 
Jay Harrison             0  0  0   0  4   1  7  0  0  0  0/0    18:11   3:25   0:00 
Joffrey Lupul            0  1  1   0  0   6  0  0  0  0  0/2    20:40   4:09   0:00 
Josef Boumedienne        0  0  0  -1  0   0  0  0  0  0  0/0    14:23   0:00   0:00 
Josh Gorges              0  0  0  -1  0   1  4  1  0  0  0/0    23:32   3:25   2:01 
Kyle Beach               0  0  0  -1  0   2  0  0  0  0  0/0    19:20   3:47   0:00 
Linus Omark              0  0  0  -1  0   1  0  0  0  0  0/1    13:42   0:00   0:00 
Matt Carle               0  1  1   0  0   0  0  0  0  0  0/0    24:31   4:31   1:37 
Matt Ellison             0  0  0  -1  0   2  1  0  0  0  14/33  19:20   3:47   0:00 
Mattias Ritola           0  0  0   0  4   2  7  0  0  0  0/0    19:11   4:09   0:00 
Mike Weaver              0  0  0  -2  0   0  0  1  0  0  0/0    16:18   0:00   1:37 
Niklas Hagman            0  0  0   0  0   7  0  2  0  0  1/3    19:43   3:47   0:55 
Ryan Russell             0  0  0  -1  0   3  0  0  0  0  9/23   16:25   0:00   2:43 
Tomas Tatar              0  0  0   0  0   0  0  0  0  0  0/0     2:40   0:00   0:00 
Viktor Tikhonov          0  0  0  -1  0   1  5  0  0  0  0/0    14:37   0:00   0:55 
Ville Leino              1  0  1   0  0   2  0  0  0  0  20/35  20:40   4:09   0:00 

Players Stats for Capitals

Player Name              G  A  P  +/- PIM S  H  SB GA TA FO     MP     PP MP  PK MP  
------------------------------------------------------------------------------------
Alexander Killorn        0  0  0   0  0   2  1  0  0  0  0/0     7:25   0:00   0:00 
Bobby Ryan               1  2  3   0  2   4  3  0  0  0  1/1    15:40   1:13   0:00 
Brandon Saad             0  1  1   1  0   1  0  0  0  0  1/1    10:57   0:00   0:00 
Cam Atkinson             1  0  1   1  2   2  0  0  0  0  1/1    10:56   0:00   0:00 
Christian Ehrhoff        0  1  1   0  0   0  0  1  0  0  0/0    21:47   1:13   3:37 
Hampus Lindholm          0  0  0   0  0   1  1  1  0  0  0/0    16:57   0:00   0:00 
Jonas Brodin             0  0  0   1  0   0  1  0  0  0  0/0    17:40   0:00   3:19 
Kenndal McArdle          0  2  2   0  0   4  0  0  0  0  1/1    15:41   1:13   0:00 
Kristian Huselius        0  0  0   0  0   1  0  0  0  0  0/1    16:53   2:25   0:00 
Marco Scandella          0  0  0   1  2   0  3  2  0  0  0/0    18:57   1:13   3:24 
Marcus Kruger            0  0  0   0  0   0  0  0  0  0  1/1    13:11   0:00   5:46 
Michael Stone            1  0  1   1  0   3  0  5  0  0  0/0    22:54   2:25   3:21 
Mikael Backlund          0  0  0   0  0   1  0  0  0  0  8/21   13:11   0:00   5:46 
Nathan Horton            0  0  0   0  0   5  7  1  0  0  12/27  19:03   2:25   2:10 
Pierre-Marc Bouchard     0  0  0   1  0   3  0  0  0  0  0/1    17:10   2:25   0:00 
Ryan Whitney             0  2  2   1  4   3  4  1  0  0  0/0    21:42   2:25   2:11 
Travis Zajac             2  1  3   1  0   3  0  0  0  0  16/28  18:59   1:13   2:10 
Tyler Spurgeon           0  1  1   1  0   0  0  0  0  0  12/17  10:57   0:00   0:00 

3 Stars

1 - Travis Zajac (WSH)
2 - Bobby Ryan (WSH)
3 - Kari Lehtonen (WSH)

Power Play

Golden Knights - 0 on 4 Attempt(s) - 0,00%
Capitals - 2 on 3 Attempt(s) - 66,67%

Penalty Kill

Golden Knights - 1 on 3 Attempt(s) - 33,33% - Score 0 goal in Penalty Kill
Capitals - 4 on 4 Attempt(s) - 100,00% - Score 0 goal in Penalty Kill

Team Stat

Golden Knights - Hits : 25 - Faceoff Wins : 47 - Blocked Shots : 4 - Penalty Minutes : 8
Capitals - Hits : 20 - Faceoff Wins : 53 - Blocked Shots : 11 - Penalty Minutes : 10

Official

Referees : Alex Garon and Eric Furlatt
Linesman : Lonnie Cameron and Mike Cvik

Game Notes

Brian Eklund enters game at 1:27 of 3rd period

Finance

Level 1 -- Attendance: 6000 (100,00%) -- Ticket Income 660 000 $
Level 2 -- Attendance: 4141 (82,82%) -- Ticket Income 331 280 $
Level 3 -- Attendance: 2000 (100,00%) -- Ticket Income 90 000 $
Level 4 -- Attendance: 3243 (81,08%) -- Ticket Income 123 234 $
Luxury Box -- Attendance: 1700 (62,96%) -- Ticket Income 340 000 $
Game was played at the MCI Center.
Total Attendance: 17084 (86,72%)
Total Ticket Income: 1 544 514 $
Other Income: 756 812 $
Total Income: 2 301 326 $

Golden Knights

5 vs 5 Forward 
   Center                   Left Wing                Right Wing               Time % Phy DF OF 
 1 Ville Leino              Mattias Ritola           Joffrey Lupul            35     0   3  2  
 2 Matt Ellison             Niklas Hagman            Kyle Beach               35     0   3  2  
 3 Ryan Russell             Viktor Tikhonov          Linus Omark              30     0   3  2  
 4 Dennis Everberg          David Perron             Tomas Tatar              0      0   3  2  

5 vs 5 Defense 
   Defense                  Defense                                           Time % Phy DF OF 
 1 Matt Carle               Josh Gorges                                       32     1   3  1  
 2 Jay Harrison             Barret Jackman                                    32     1   3  1  
 3 Mike Weaver              Josef Boumedienne                                 20     1   4  0  
 4 Matt Carle               Josh Gorges                                       16     1   4  0  

PowerPlay Forward 
   Center                   Left Wing                Right Wing               Time % Phy DF OF 
 1 Ville Leino              Mattias Ritola           Joffrey Lupul            60     0   0  5  
 2 Matt Ellison             Niklas Hagman            Kyle Beach               40     0   0  5  

PowerPlay Defense
   Defense                  Defense                                           Time % Phy DF OF 
 1 Barret Jackman           Matt Carle                                        60     0   1  4  
 2 Josh Gorges              Jay Harrison                                      40     0   1  4  

Penalty Kill 4 Players Forward 
   Center                   Wing                     Time % Phy DF OF 
 1 Ryan Russell             David Perron             60     0   5  0  
 2 Viktor Tikhonov          Niklas Hagman            40     0   5  0  

Penalty Kill 4 Players Defense
   Defense                  Defense                  Time % Phy DF OF 
 1 Josh Gorges              Barret Jackman           60     1   4  0  
 2 Matt Carle               Mike Weaver              40     1   4  0  

Penalty Kill - 3 Players Forward 
   Forward                                           Time % Phy DF OF 
 1 Ryan Russell                                      60     0   5  0  
 2 Viktor Tikhonov                                   40     0   5  0  

Penalty Kill - 3 Players Defense
   Defense                  Defense                  Time % Phy DF OF 
 1 Josh Gorges              Barret Jackman           60     1   4  0  
 2 Matt Carle               Mike Weaver              40     1   4  0  

4 vs 4 Forward 
   Center                   Wing                     Time % Phy DF OF 
 1 Ville Leino              Joffrey Lupul            60     0   3  2  
 2 Matt Ellison             Kyle Beach               40     0   3  2  

4 vs 4 Defense
   Defense                  Defense                  Time % Phy DF OF 
 1 Matt Carle               Josh Gorges              60     1   3  1  
 2 Jay Harrison             Barret Jackman           40     1   3  1  

Last Minutes Offensive
   Center                   Left Wing                Right Wing               Defense                  Defense                  
   Ville Leino              Mattias Ritola           Joffrey Lupul            Barret Jackman           Matt Carle               

Last Minutes Defensive
   Center                   Left Wing                Right Wing               Defense                  Defense                  
   Ryan Russell             Viktor Tikhonov          Niklas Hagman            Josh Gorges              Jay Harrison             

Goaltenders
Starting : Thomas McCollum          
Backup : Brian Eklund             

Extra Forwards
Normal : Ryan Russell, David Perron, Joffrey Lupul - PP : Ryan Russell, David Perron - PK : Ville Leino
Extra Defensemen
Normal : Jay Harrison, Josh Gorges, Barret Jackman - PP : Josh Gorges - PK : Barret Jackman, Josh Gorges
Penalty Shots
Niklas Hagman, Joffrey Lupul, David Perron, Ville Leino, Kyle Beach
Custom OT Lines Forwards
Ville Leino, Niklas Hagman, Joffrey Lupul, Kyle Beach, Ryan Russell, David Perron, Linus Omark, Viktor Tikhonov, Matt Ellison, Mattias Ritola
Custom OT Lines Defensemen
Matt Carle, Josh Gorges, Jay Harrison, Mike Weaver, Barret Jackman

Scratches
Curtis McKenzie (Healthy), Matt Greene (Right Foot Injury), Guillaume Desbiens (Fractured Right Foot Injury), Byron Froese (Healthy)

Capitals

5 vs 5 Forward 
   Center                   Left Wing                Right Wing               Time % Phy DF OF 
 1 Nathan Horton            Pierre-Marc Bouchard     Kristian Huselius        30     1   1  3  
 2 Travis Zajac             Kenndal McArdle          Bobby Ryan               30     0   2  3  
 3 Tyler Spurgeon           Brandon Saad             Cam Atkinson             24     0   2  3  
 4 Mikael Backlund          Marcus Kruger            Alexander Killorn        16     1   3  1  

5 vs 5 Defense 
   Defense                  Defense                                           Time % Phy DF OF 
 1 Ryan Whitney             Michael Stone                                     34     0   3  2  
 2 Christian Ehrhoff        Hampus Lindholm                                   33     0   3  2  
 3 Marco Scandella          Jonas Brodin                                      27     0   4  1  
 4 Marco Scandella          Jonas Brodin                                      6      0   4  1  

PowerPlay Forward 
   Center                   Left Wing                Right Wing               Time % Phy DF OF 
 1 Nathan Horton            Pierre-Marc Bouchard     Kristian Huselius        50     0   0  5  
 2 Travis Zajac             Kenndal McArdle          Bobby Ryan               50     0   0  5  

PowerPlay Defense
   Defense                  Defense                                           Time % Phy DF OF 
 1 Ryan Whitney             Michael Stone                                     50     0   0  5  
 2 Christian Ehrhoff        Marco Scandella                                   50     0   0  5  

Penalty Kill 4 Players Forward 
   Center                   Wing                     Time % Phy DF OF 
 1 Mikael Backlund          Marcus Kruger            60     0   5  0  
 2 Travis Zajac             Nathan Horton            40     0   5  0  

Penalty Kill 4 Players Defense
   Defense                  Defense                  Time % Phy DF OF 
 1 Ryan Whitney             Marco Scandella          50     0   5  0  
 2 Christian Ehrhoff        Jonas Brodin             50     0   5  0  

Penalty Kill - 3 Players Forward 
   Forward                                           Time % Phy DF OF 
 1 Marcus Kruger                                     60     0   5  0  
 2 Mikael Backlund                                   40     0   5  0  

Penalty Kill - 3 Players Defense
   Defense                  Defense                  Time % Phy DF OF 
 1 Ryan Whitney             Marco Scandella          50     0   5  0  
 2 Christian Ehrhoff        Jonas Brodin             50     0   5  0  

4 vs 4 Forward 
   Center                   Wing                     Time % Phy DF OF 
 1 Nathan Horton            Kristian Huselius        50     1   1  3  
 2 Travis Zajac             Pierre-Marc Bouchard     50     0   2  3  

4 vs 4 Defense
   Defense                  Defense                  Time % Phy DF OF 
 1 Ryan Whitney             Michael Stone            50     0   4  1  
 2 Christian Ehrhoff        Hampus Lindholm          50     0   4  1  

Last Minutes Offensive
   Center                   Left Wing                Right Wing               Defense                  Defense                  
   Nathan Horton            Bobby Ryan               Kristian Huselius        Ryan Whitney             Jonas Brodin             

Last Minutes Defensive
   Center                   Left Wing                Right Wing               Defense                  Defense                  
   Travis Zajac             Marcus Kruger            Nathan Horton            Christian Ehrhoff        Hampus Lindholm          

Goaltenders
Starting : Kari Lehtonen            
Backup : Marc Denis               

Extra Forwards
Normal : Brandon Saad, Cam Atkinson, Tyler Spurgeon - PP : Tyler Spurgeon, Brandon Saad - PK : Cam Atkinson
Extra Defensemen
Normal : Hampus Lindholm, Jonas Brodin, Michael Stone - PP : Michael Stone - PK : Marco Scandella, Michael Stone
Penalty Shots
Bobby Ryan, Ryan Whitney, Nathan Horton, Kristian Huselius, Kenndal McArdle
Custom OT Lines Forwards
Nathan Horton, Kristian Huselius, Travis Zajac, Bobby Ryan, Tyler Spurgeon, Pierre-Marc Bouchard, Mikael Backlund, Kenndal McArdle, Cam Atkinson, Brandon Saad
Custom OT Lines Defensemen
Christian Ehrhoff, Hampus Lindholm, Ryan Whitney, Jonas Brodin, Marco Scandella

Scratches
None


% Time on Ice - Golden Knights

Lines # - Real PCT - Wanted PCT - Time Play
Normal Forward
1 - 32% - 35% - 15:04
2 - 32% - 35% - 15:01
3 - 29% - 30% - 13:42
4 - 6% - 0% - 2:40
Normal Defense
1 - 28% - 32% - 12:50
2 - 33% - 32% - 15:25
3 - 31% - 20% - 14:23
4 - 8% - 16% - 3:49
PP Forward
1 - 52% - 60% - 4:09
2 - 48% - 40% - 3:47
PP Defense
1 - 57% - 60% - 4:31
2 - 43% - 40% - 3:25
PK Forward
1 - 75% - 60% - 2:43
2 - 25% - 40% - 0:55
PK Defense
1 - 56% - 60% - 2:01
2 - 44% - 40% - 1:37
PK3 Forward
1 - 0% - 60%
2 - 0% - 40%
PK3 Defense
1 - 0% - 60%
2 - 0% - 40%
44 Forward
1 - 73% - 60% - 1:27
2 - 27% - 40% - 0:32
44 Defense
1 - 45% - 60% - 0:53
2 - 55% - 40% - 1:06
Last Minute Offensive  - 0:00
Last Minute Defensive  - 0:00
Total
Forward - 60:00
Defense - 60:00

% Time on Ice - Capitals

Lines # - Real PCT - Wanted PCT - Time Play
Normal Forward
1 - 29% - 30% - 13:37
2 - 31% - 30% - 14:28
3 - 24% - 24% - 10:57
4 - 16% - 16% - 7:25
Normal Defense
1 - 34% - 34% - 16:00
2 - 35% - 33% - 16:06
3 - 28% - 27% - 12:54
4 - 3% - 6% - 1:27
PP Forward
1 - 67% - 50% - 2:25
2 - 33% - 50% - 1:13
PP Defense
1 - 67% - 50% - 2:25
2 - 33% - 50% - 1:13
PK Forward
1 - 73% - 60% - 5:46
2 - 27% - 40% - 2:10
PK Defense
1 - 58% - 50% - 4:37
2 - 42% - 50% - 3:19
PK3 Forward
1 - 0% - 60%
2 - 0% - 40%
PK3 Defense
1 - 0% - 50%
2 - 0% - 50%
44 Forward
1 - 43% - 50% - 0:51
2 - 57% - 50% - 1:08
44 Defense
1 - 57% - 50% - 1:08
2 - 43% - 50% - 0:51
Last Minute Offensive  - 0:00
Last Minute Defensive  - 0:00
Total
Forward - 60:00
Defense - 60:00

Play by Play

1st period


0:01 of 1st period - Nathan Horton wins face-off versus Ville Leino in neutral zone.
0:11 of 1st period - Off-side.
0:12 of 1st period - Matt Ellison wins face-off versus Travis Zajac in neutral zone.
0:17 of 1st period - Shot by Kyle Beach.
0:17 of 1st period - Shot Misses the Net.
0:19 of 1st period - Shot by Niklas Hagman.
0:19 of 1st period - Shot Misses the Net.
0:21 of 1st period - Shot by Jay Harrison.
0:21 of 1st period - Stopped by Kari Lehtonen without a rebound.
0:22 of 1st period - Brandon Saad wins face-off versus Ryan Russell in Capitals zone.
1:33 of 1st period - Shot by Bobby Ryan.
1:33 of 1st period - Stopped by Thomas McCollum without a rebound.
1:34 of 1st period - Ville Leino wins face-off versus Nathan Horton in Golden Knights zone.
1:34 of 1st period - Ville Leino is hit by Nathan Horton.
1:46 of 1st period - Shot by Joffrey Lupul.
1:46 of 1st period - Stopped by Kari Lehtonen without a rebound.
1:47 of 1st period - Marcus Kruger wins face-off versus Matt Ellison in Capitals zone.
1:47 of 1st period - Marcus Kruger is hit by Jay Harrison.
1:54 of 1st period - Off-side.
1:55 of 1st period - Ville Leino wins face-off versus Mikael Backlund in neutral zone.
2:02 of 1st period - Minor Penalty to Ryan Whitney for Interference.
2:03 of 1st period - Mikael Backlund wins face-off versus Ville Leino in Capitals zone.
2:44 of 1st period - Shot by Barret Jackman.
2:44 of 1st period - Stopped by Kari Lehtonen without a rebound.
2:45 of 1st period - Matt Ellison wins face-off versus Mikael Backlund in Capitals zone.
3:16 of 1st period - Shot by Kyle Beach.
3:16 of 1st period - Deflect By Niklas Hagman.
3:16 of 1st period - Stopped by Kari Lehtonen without a rebound.
3:17 of 1st period - Travis Zajac wins face-off versus Ville Leino in Capitals zone.
3:28 of 1st period - Matt Carle is hit by Nathan Horton.
4:14 of 1st period - Shot by Cam Atkinson.
4:14 of 1st period - Shot Blocked by Mike Weaver.
4:22 of 1st period - Shot by Cam Atkinson.
4:22 of 1st period - Stopped by Thomas McCollum without a rebound.
4:23 of 1st period - Mikael Backlund wins face-off versus Matt Ellison in Golden Knights zone.
4:30 of 1st period - Shot by Marcus Kruger.
4:30 of 1st period - Deflect By Alexander Killorn.
4:30 of 1st period - Stopped by Thomas McCollum with a rebound.
4:32 of 1st period - Shot by Mikael Backlund.
4:32 of 1st period - Stopped by Thomas McCollum without a rebound.
4:33 of 1st period - Kenndal McArdle wins face-off versus Matt Ellison in Golden Knights zone.
4:36 of 1st period - Shot by Bobby Ryan.
4:36 of 1st period - Stopped by Thomas McCollum without a rebound.
4:37 of 1st period - Matt Ellison wins face-off versus Nathan Horton in Golden Knights zone.
5:49 of 1st period - Off-side.
5:50 of 1st period - Travis Zajac wins face-off versus Ryan Russell in neutral zone.
6:17 of 1st period - Icing by Mike Weaver.
6:18 of 1st period - Ryan Russell wins face-off versus Mikael Backlund in Golden Knights zone.
8:06 of 1st period - Shot by Kenndal McArdle.
8:06 of 1st period - Shot Misses the Net.
8:08 of 1st period - Shot by Ryan Whitney.
8:08 of 1st period - Stopped by Thomas McCollum with a rebound.
8:41 of 1st period - Shot by Kristian Huselius.
8:41 of 1st period - Shot Blocked by Niklas Hagman.
8:43 of 1st period - Shot by Hampus Lindholm.
8:43 of 1st period - Stopped by Thomas McCollum without a rebound.
8:44 of 1st period - Ryan Russell wins face-off versus Tyler Spurgeon in Golden Knights zone.
9:50 of 1st period - Shot by Tomas Tatar.
9:50 of 1st period - Shot Blocked by Michael Stone.
9:56 of 1st period - Shot by Nathan Horton.
9:56 of 1st period - Stopped by Thomas McCollum without a rebound.
9:57 of 1st period - Ville Leino wins face-off versus Travis Zajac in Golden Knights zone.
10:07 of 1st period - Minor Penalty to Mattias Ritola for Tripping.
10:08 of 1st period - David Perron wins face-off versus Nathan Horton in Golden Knights zone.
10:39 of 1st period - Shot by David Perron.
10:39 of 1st period - Shot Misses the Net.
11:19 of 1st period - Shot by Travis Zajac.
11:19 of 1st period - Shot Misses the Net.
11:21 of 1st period - Shot by Travis Zajac.
11:21 of 1st period - Goal by Travis Zajac - Golden Knights : 0 - Capitals : 1.
11:22 of 1st period - Tyler Spurgeon wins face-off versus Ville Leino in neutral zone.
11:52 of 1st period - Off-side.
11:53 of 1st period - Travis Zajac wins face-off versus Matt Ellison in neutral zone.
12:10 of 1st period - Shot by Travis Zajac.
12:10 of 1st period - Deflect By Kenndal McArdle.
12:10 of 1st period - Stopped by Thomas McCollum without a rebound.
12:11 of 1st period - Ryan Russell wins face-off versus Nathan Horton in Golden Knights zone.
12:29 of 1st period - Off-side.
12:30 of 1st period - Travis Zajac wins face-off versus Matt Ellison in neutral zone.
12:45 of 1st period - Jay Harrison is hit by Bobby Ryan and loses puck.
12:50 of 1st period - Shot by Bobby Ryan.
12:50 of 1st period - Stopped by Thomas McCollum with a rebound.
13:50 of 1st period - Shot by Kristian Huselius.
13:50 of 1st period - Deflect By Pierre-Marc Bouchard.
13:50 of 1st period - Stopped by Thomas McCollum without a rebound.
13:51 of 1st period - Cam Atkinson wins face-off versus Joffrey Lupul in Golden Knights zone.
13:55 of 1st period - Icing by Josh Gorges.
13:56 of 1st period - Tyler Spurgeon wins face-off versus Ville Leino in Golden Knights zone.
14:06 of 1st period - Off-side.
14:07 of 1st period - Nathan Horton wins face-off versus Ryan Russell in neutral zone.
14:10 of 1st period - Shot by Pierre-Marc Bouchard.
14:10 of 1st period - Shot Misses the Net.
14:20 of 1st period - Shot by Viktor Tikhonov.
14:20 of 1st period - Stopped by Kari Lehtonen without a rebound.
14:21 of 1st period - Travis Zajac wins face-off versus Ville Leino in Capitals zone.
14:21 of 1st period - Travis Zajac is hit by Mattias Ritola.
14:46 of 1st period - Kenndal McArdle is hit by Mattias Ritola and loses puck.
15:03 of 1st period - Shot by Kenndal McArdle.
15:03 of 1st period - Stopped by Thomas McCollum without a rebound.
15:04 of 1st period - Ryan Russell wins face-off versus Nathan Horton in Golden Knights zone.
15:47 of 1st period - Shot by Linus Omark.
15:47 of 1st period - Deflect By Viktor Tikhonov.
15:47 of 1st period - Shot Misses the Net.
16:43 of 1st period - Icing by Hampus Lindholm.
16:44 of 1st period - Tyler Spurgeon wins face-off versus Matt Ellison in Capitals zone.
17:21 of 1st period - Shot by Niklas Hagman.
17:21 of 1st period - Stopped by Kari Lehtonen without a rebound.
17:22 of 1st period - Ville Leino wins face-off versus Mikael Backlund in Capitals zone.
17:22 of 1st period - Barret Jackman is hit by Marco Scandella and loses puck.
17:36 of 1st period - Icing by Marco Scandella.
17:37 of 1st period - Dennis Everberg wins face-off versus Mikael Backlund in Capitals zone.
17:37 of 1st period - Dennis Everberg is hit by Marco Scandella.
18:14 of 1st period - Shot by Dennis Everberg.
18:14 of 1st period - Shot Blocked by Marco Scandella.
18:27 of 1st period - Off-side.
18:28 of 1st period - Travis Zajac wins face-off versus Ville Leino in neutral zone.
18:35 of 1st period - Shot by Bobby Ryan.
18:35 of 1st period - Shot Misses the Net.
18:37 of 1st period - Shot by Travis Zajac.
18:37 of 1st period - Goal by Travis Zajac - Golden Knights : 0 - Capitals : 2.
18:38 of 1st period - Matt Ellison wins face-off versus Nathan Horton in neutral zone.
19:03 of 1st period - Shot by Nathan Horton.
19:03 of 1st period - Stopped by Thomas McCollum without a rebound.
19:04 of 1st period - Ville Leino wins face-off versus Travis Zajac in Golden Knights zone.
19:14 of 1st period - Mike Weaver is hit by Bobby Ryan and loses puck.
19:32 of 1st period - Minor Penalty to Mattias Ritola for Interference.
19:33 of 1st period - Ryan Russell wins face-off versus Nathan Horton in Golden Knights zone.
19:42 of 1st period - Barret Jackman is hit by Nathan Horton and loses puck.
19:51 of 1st period - Shot by Ryan Whitney.
19:51 of 1st period - Stopped by Thomas McCollum without a rebound.
19:52 of 1st period - Travis Zajac wins face-off versus Ryan Russell in Golden Knights zone.
19:55 of 1st period - Shot by Kenndal McArdle.
19:55 of 1st period - Shot Misses the Net.
19:57 of 1st period - Shot by Christian Ehrhoff.
19:57 of 1st period - Deflect By Bobby Ryan.
19:57 of 1st period - Goal by Bobby Ryan - Golden Knights : 0 - Capitals : 3.
19:58 of 1st period - Nathan Horton wins face-off versus Matt Ellison in neutral zone.
Goals for this period are 0 for Golden Knights vs 3 for Capitals.
Shots for this period are 6 for Golden Knights vs 17 for Capitals.

2nd period


0:01 of 2nd period - Niklas Hagman wins face-off versus Travis Zajac in neutral zone.
0:17 of 2nd period - Icing by Travis Zajac.
0:18 of 2nd period - Ville Leino wins face-off versus Travis Zajac in Capitals zone.
0:19 of 2nd period - Shot by Joffrey Lupul.
0:19 of 2nd period - Stopped by Kari Lehtonen without a rebound.
0:20 of 2nd period - Nathan Horton wins face-off versus Ville Leino in Capitals zone.
0:20 of 2nd period - Pierre-Marc Bouchard is hit by Mattias Ritola and loses puck.
0:27 of 2nd period - Shot by Ville Leino.
0:27 of 2nd period - Stopped by Kari Lehtonen without a rebound.
0:28 of 2nd period - Ville Leino wins face-off versus Kristian Huselius in Capitals zone.
1:05 of 2nd period - Shot by Joffrey Lupul.
1:05 of 2nd period - Stopped by Kari Lehtonen without a rebound.
1:06 of 2nd period - Travis Zajac wins face-off versus Matt Ellison in Capitals zone.
2:07 of 2nd period - Icing by Viktor Tikhonov.
2:08 of 2nd period - Tyler Spurgeon wins face-off versus Ryan Russell in Golden Knights zone.
2:51 of 2nd period - Icing by Michael Stone.
2:52 of 2nd period - Ville Leino wins face-off versus Tyler Spurgeon in Capitals zone.
2:52 of 2nd period - Ville Leino is hit by Ryan Whitney.
3:56 of 2nd period - Shot by Kyle Beach.
3:56 of 2nd period - Stopped by Kari Lehtonen without a rebound.
3:57 of 2nd period - Mikael Backlund wins face-off versus Ryan Russell in Capitals zone.
3:57 of 2nd period - Mikael Backlund is hit by Viktor Tikhonov.
5:10 of 2nd period - Icing by Kyle Beach.
5:11 of 2nd period - Matt Ellison wins face-off versus Nathan Horton in Golden Knights zone.
5:11 of 2nd period - Matt Ellison is hit by Nathan Horton.
5:36 of 2nd period - Off-side.
5:37 of 2nd period - Ville Leino wins face-off versus Travis Zajac in neutral zone.
5:44 of 2nd period - Shot by Ville Leino.
5:44 of 2nd period - Shot Misses the Net.
5:57 of 2nd period - Jonas Brodin is hit by Josh Gorges and loses puck.
6:01 of 2nd period - Icing by Matt Carle.
6:02 of 2nd period - Nathan Horton wins face-off versus Ville Leino in Golden Knights zone.
6:04 of 2nd period - Kristian Huselius is hit by Josh Gorges and loses puck.
6:07 of 2nd period - Shot by Ryan Whitney.
6:07 of 2nd period - Shot Misses the Net.
6:09 of 2nd period - Shot by Nathan Horton.
6:09 of 2nd period - Stopped by Thomas McCollum without a rebound.
6:10 of 2nd period - Tyler Spurgeon wins face-off versus Matt Ellison in Golden Knights zone.
6:14 of 2nd period - Cam Atkinson is hit by Jay Harrison and loses puck.
6:42 of 2nd period - Icing by Ryan Whitney.
6:43 of 2nd period - Ville Leino wins face-off versus Tyler Spurgeon in Capitals zone.
6:51 of 2nd period - Icing by Brandon Saad.
6:52 of 2nd period - Tyler Spurgeon wins face-off versus Joffrey Lupul in Capitals zone.
6:52 of 2nd period - Tyler Spurgeon is hit by Mattias Ritola.
7:10 of 2nd period - Icing by Michael Stone.
7:11 of 2nd period - Tyler Spurgeon wins face-off versus Matt Ellison in Capitals zone.
7:22 of 2nd period - Shot by Cam Atkinson.
7:22 of 2nd period - Shot Blocked by Niklas Hagman.
7:36 of 2nd period - Shot by Pierre-Marc Bouchard.
7:36 of 2nd period - Shot Misses the Net.
7:57 of 2nd period - Shot by Kristian Huselius.
7:57 of 2nd period - Stopped by Thomas McCollum without a rebound.
7:58 of 2nd period - Ville Leino wins face-off versus Travis Zajac in Golden Knights zone.
8:03 of 2nd period - Bobby Ryan is hit by Mattias Ritola and loses puck.
8:24 of 2nd period - Shot by Kenndal McArdle.
8:24 of 2nd period - Stopped by Thomas McCollum with a rebound.
8:41 of 2nd period - Minor Penalty to Marco Scandella for Interference.
8:42 of 2nd period - Matt Ellison wins face-off versus Mikael Backlund in Capitals zone.
8:49 of 2nd period - Shot by Barret Jackman.
8:49 of 2nd period - Stopped by Kari Lehtonen without a rebound.
8:50 of 2nd period - Matt Ellison wins face-off versus Mikael Backlund in Capitals zone.
8:51 of 2nd period - Shot by Niklas Hagman.
8:51 of 2nd period - Shot Misses the Net.
9:14 of 2nd period - Icing by Josh Gorges.
9:15 of 2nd period - Matt Ellison wins face-off versus Mikael Backlund in Golden Knights zone.
9:26 of 2nd period - Shot by Kyle Beach.
9:26 of 2nd period - Deflect By Niklas Hagman.
9:26 of 2nd period - Shot Misses the Net.
10:44 of 2nd period - Shot by Joffrey Lupul.
10:44 of 2nd period - Shot Misses the Net.
11:17 of 2nd period - Linus Omark is hit by Jonas Brodin.
11:54 of 2nd period - Shot by Joffrey Lupul.
11:54 of 2nd period - Stopped by Kari Lehtonen with a rebound.
11:56 of 2nd period - Shot by Barret Jackman.
11:56 of 2nd period - Shot Misses the Net.
12:02 of 2nd period - Shot by Joffrey Lupul.
12:02 of 2nd period - Shot Misses the Net.
12:04 of 2nd period - Shot by Ville Leino.
12:04 of 2nd period - Goal by Ville Leino - Golden Knights : 1 - Capitals : 3.
12:05 of 2nd period - Dennis Everberg wins face-off versus Pierre-Marc Bouchard in neutral zone.
12:45 of 2nd period - Shot by Pierre-Marc Bouchard.
12:45 of 2nd period - Stopped by Thomas McCollum without a rebound.
12:46 of 2nd period - Travis Zajac wins face-off versus Ryan Russell in Golden Knights zone.
13:01 of 2nd period - Ryan Whitney is hit by Viktor Tikhonov and loses puck.
13:17 of 2nd period - Ryan Whitney is hit by Jay Harrison and loses puck.
13:21 of 2nd period - Minor Penalty to Bobby Ryan for Hooking.
13:21 of 2nd period - Minor Penalty to Jay Harrison for Hooking.
13:22 of 2nd period - Ville Leino wins face-off versus Nathan Horton in Golden Knights zone.
13:42 of 2nd period - Shot by Ville Leino.
13:42 of 2nd period - Shot Misses the Net.
14:32 of 2nd period - Shot by Michael Stone.
14:32 of 2nd period - Goal by Michael Stone - Golden Knights : 1 - Capitals : 4.
14:33 of 2nd period - Travis Zajac wins face-off versus Ville Leino in neutral zone.
14:40 of 2nd period - Shot by Pierre-Marc Bouchard.
14:40 of 2nd period - Deflect By Travis Zajac.
14:40 of 2nd period - Shot Misses the Net.
14:50 of 2nd period - Shot by Ville Leino.
14:50 of 2nd period - Deflect By Joffrey Lupul.
14:50 of 2nd period - Shot Misses the Net.
16:09 of 2nd period - Off-side.
16:10 of 2nd period - Matt Ellison wins face-off versus Tyler Spurgeon in neutral zone.
16:15 of 2nd period - Shot by Niklas Hagman.
16:15 of 2nd period - Stopped by Kari Lehtonen without a rebound.
16:16 of 2nd period - Tyler Spurgeon wins face-off versus Matt Ellison in Capitals zone.
16:16 of 2nd period - Tyler Spurgeon is hit by Matt Ellison.
16:19 of 2nd period - Icing by Hampus Lindholm.
16:20 of 2nd period - Matt Ellison wins face-off versus Tyler Spurgeon in Capitals zone.
16:34 of 2nd period - Shot by Matt Ellison.
16:34 of 2nd period - Shot Misses the Net.
16:46 of 2nd period - Shot by Kyle Beach.
16:46 of 2nd period - Shot Blocked by Hampus Lindholm.
16:48 of 2nd period - Shot by Matt Ellison.
16:48 of 2nd period - Shot Misses the Net.
16:54 of 2nd period - Shot by Kyle Beach.
16:54 of 2nd period - Stopped by Kari Lehtonen without a rebound.
16:55 of 2nd period - Nathan Horton wins face-off versus Ville Leino in Capitals zone.
16:59 of 2nd period - Kristian Huselius is hit by Mattias Ritola and loses puck.
17:04 of 2nd period - Ryan Whitney is hit by Mattias Ritola and loses puck.
17:34 of 2nd period - Icing by Ryan Whitney.
17:35 of 2nd period - Matt Ellison wins face-off versus Nathan Horton in Capitals zone.
17:35 of 2nd period - Niklas Hagman is hit by Ryan Whitney.
17:59 of 2nd period - Shot by Hampus Lindholm.
17:59 of 2nd period - Shot Misses the Net.
18:13 of 2nd period - Shot by Kenndal McArdle.
18:13 of 2nd period - Shot Misses the Net.
18:15 of 2nd period - Shot by Travis Zajac.
18:15 of 2nd period - Shot Blocked by Josh Gorges.
18:33 of 2nd period - Shot by Kenndal McArdle.
18:33 of 2nd period - Deflect By Bobby Ryan.
18:33 of 2nd period - Shot Misses the Net.
19:16 of 2nd period - Icing by Jonas Brodin.
19:17 of 2nd period - Mikael Backlund wins face-off versus Ryan Russell in Capitals zone.
19:17 of 2nd period - Mikael Backlund is hit by Viktor Tikhonov.
19:23 of 2nd period - Shot by Marcus Kruger.
19:23 of 2nd period - Deflect By Mikael Backlund.
19:23 of 2nd period - Shot Misses the Net.
19:26 of 2nd period - Icing by Mike Weaver.
19:27 of 2nd period - Nathan Horton wins face-off versus Ryan Russell in Golden Knights zone.
19:58 of 2nd period - Shot by Ryan Russell.
19:58 of 2nd period - Stopped by Kari Lehtonen with a rebound.
Goals for this period are 1 for Golden Knights vs 1 for Capitals.
Shots for this period are 10 for Golden Knights vs 5 for Capitals.

3rd period


0:01 of 3rd period - Travis Zajac wins face-off versus Matt Ellison in neutral zone.
0:41 of 3rd period - Shot by Kenndal McArdle.
0:41 of 3rd period - Shot Misses the Net.
0:43 of 3rd period - Shot by Travis Zajac.
0:43 of 3rd period - Shot Misses the Net.
1:13 of 3rd period - Shot by Kristian Huselius.
1:13 of 3rd period - Deflect By Pierre-Marc Bouchard.
1:13 of 3rd period - Stopped by Thomas McCollum without a rebound.
1:14 of 3rd period - Tyler Spurgeon wins face-off versus Ryan Russell in Golden Knights zone.
1:27 of 3rd period - Shot by Cam Atkinson.
1:27 of 3rd period - Goal by Cam Atkinson - Golden Knights : 1 - Capitals : 5.
1:27 of 3rd period - Brian Eklund enters game.
1:28 of 3rd period - Ville Leino wins face-off versus Mikael Backlund in neutral zone.
1:30 of 3rd period - Minor Penalty to Ryan Whitney for Holding.
1:31 of 3rd period - Ville Leino wins face-off versus Mikael Backlund in Capitals zone.
1:40 of 3rd period - Shot by Ville Leino.
1:40 of 3rd period - Deflect By Mattias Ritola.
1:40 of 3rd period - Shot Misses the Net.
2:02 of 3rd period - Shot by Mattias Ritola.
2:02 of 3rd period - Stopped by Kari Lehtonen without a rebound.
2:03 of 3rd period - Matt Ellison wins face-off versus Mikael Backlund in Capitals zone.
2:04 of 3rd period - Shot by Niklas Hagman.
2:04 of 3rd period - Stopped by Kari Lehtonen without a rebound.
2:05 of 3rd period - Mikael Backlund wins face-off versus Matt Ellison in Capitals zone.
2:05 of 3rd period - Mikael Backlund is hit by Jay Harrison.
2:35 of 3rd period - Shot by Niklas Hagman.
2:35 of 3rd period - Stopped by Kari Lehtonen without a rebound.
2:36 of 3rd period - Ville Leino wins face-off versus Travis Zajac in Capitals zone.
2:44 of 3rd period - Icing by Barret Jackman.
2:45 of 3rd period - Mikael Backlund wins face-off versus Ville Leino in Golden Knights zone.
2:45 of 3rd period - Mikael Backlund is hit by Barret Jackman.
3:07 of 3rd period - Shot by Joffrey Lupul.
3:07 of 3rd period - Shot Blocked by Michael Stone.
3:21 of 3rd period - Shot by Joffrey Lupul.
3:21 of 3rd period - Stopped by Kari Lehtonen without a rebound.
3:22 of 3rd period - Matt Ellison wins face-off versus Travis Zajac in Capitals zone.
3:43 of 3rd period - Shot by Cam Atkinson.
3:43 of 3rd period - Shot Misses the Net.
3:53 of 3rd period - Hampus Lindholm is hit by Viktor Tikhonov and loses puck.
3:58 of 3rd period - Shot by Viktor Tikhonov.
3:58 of 3rd period - Deflect By Linus Omark.
3:58 of 3rd period - Stopped by Kari Lehtonen without a rebound.
3:59 of 3rd period - Nathan Horton wins face-off versus Matt Ellison in Capitals zone.
4:09 of 3rd period - Shot by Niklas Hagman.
4:09 of 3rd period - Stopped by Kari Lehtonen without a rebound.
4:10 of 3rd period - Bobby Ryan wins face-off versus Ville Leino in Capitals zone.
4:17 of 3rd period - Marco Scandella is hit by Jay Harrison and loses puck.
4:31 of 3rd period - Minor Penalty to Jay Harrison for Hooking.
4:32 of 3rd period - Ryan Russell wins face-off versus Nathan Horton in Golden Knights zone.
4:32 of 3rd period - Ryan Russell is hit by Nathan Horton.
4:50 of 3rd period - Shot by David Perron.
4:50 of 3rd period - Stopped by Kari Lehtonen without a rebound.
4:51 of 3rd period - Ryan Russell wins face-off versus Travis Zajac in Capitals zone.
5:55 of 3rd period - Niklas Hagman is hit by Nathan Horton.
6:05 of 3rd period - Shot by Ryan Whitney.
6:05 of 3rd period - Stopped by Brian Eklund with a rebound.
6:07 of 3rd period - Shot by Michael Stone.
6:07 of 3rd period - Stopped by Brian Eklund without a rebound.
6:08 of 3rd period - Nathan Horton wins face-off versus Ryan Russell in Golden Knights zone.
6:39 of 3rd period - Mikael Backlund is hit by Jay Harrison and loses puck.
7:00 of 3rd period - Shot by Alexander Killorn.
7:00 of 3rd period - Stopped by Brian Eklund without a rebound.
7:01 of 3rd period - Travis Zajac wins face-off versus Matt Ellison in Golden Knights zone.
7:01 of 3rd period - Bobby Ryan is hit by Josh Gorges and loses puck.
8:13 of 3rd period - Icing by Josef Boumedienne.
8:14 of 3rd period - Ville Leino wins face-off versus Nathan Horton in Golden Knights zone.
8:14 of 3rd period - Mattias Ritola is hit by Nathan Horton and loses puck.
8:37 of 3rd period - Shot by Kristian Huselius.
8:37 of 3rd period - Deflect By Nathan Horton.
8:37 of 3rd period - Shot Misses the Net.
8:50 of 3rd period - Icing by Ryan Whitney.
8:51 of 3rd period - Ryan Russell wins face-off versus Nathan Horton in Capitals zone.
9:02 of 3rd period - Shot by Ryan Russell.
9:02 of 3rd period - Stopped by Kari Lehtonen without a rebound.
9:03 of 3rd period - Tyler Spurgeon wins face-off versus Matt Ellison in Capitals zone.
10:29 of 3rd period - Mattias Ritola is hit by Marco Scandella and loses puck.
10:54 of 3rd period - Shot by Nathan Horton.
10:54 of 3rd period - Stopped by Brian Eklund with a rebound.
11:00 of 3rd period - Shot by Michael Stone.
11:00 of 3rd period - Stopped by Brian Eklund without a rebound.
11:01 of 3rd period - Mikael Backlund wins face-off versus Ryan Russell in Golden Knights zone.
11:43 of 3rd period - Shot by Viktor Tikhonov.
11:43 of 3rd period - Shot Hit the Post.
12:11 of 3rd period - David Perron is hit by Alexander Killorn and loses puck.
13:42 of 3rd period - Shot by Travis Zajac.
13:42 of 3rd period - Stopped by Brian Eklund without a rebound.
13:43 of 3rd period - Tyler Spurgeon wins face-off versus Ryan Russell in Golden Knights zone.
13:56 of 3rd period - Shot by Tyler Spurgeon.
13:56 of 3rd period - Deflect By Brandon Saad.
13:56 of 3rd period - Stopped by Brian Eklund without a rebound.
13:57 of 3rd period - Travis Zajac wins face-off versus Ville Leino in Golden Knights zone.
14:16 of 3rd period - Icing by Ville Leino.
14:17 of 3rd period - Ville Leino wins face-off versus Nathan Horton in Golden Knights zone.
14:22 of 3rd period - Shot by Mattias Ritola.
14:22 of 3rd period - Shot Blocked by Michael Stone.
14:24 of 3rd period - Shot by Ville Leino.
14:24 of 3rd period - Shot Blocked by Michael Stone.
14:26 of 3rd period - Shot by Josef Boumedienne.
14:26 of 3rd period - Shot Blocked by Nathan Horton.
14:54 of 3rd period - Icing by Michael Stone.
14:55 of 3rd period - Nathan Horton wins face-off versus Niklas Hagman in Capitals zone.
15:21 of 3rd period - Icing by Christian Ehrhoff.
15:22 of 3rd period - Travis Zajac wins face-off versus Linus Omark in Capitals zone.
15:22 of 3rd period - Travis Zajac is hit by Viktor Tikhonov.
15:28 of 3rd period - Shot by Kenndal McArdle.
15:28 of 3rd period - Stopped by Brian Eklund without a rebound.
15:29 of 3rd period - Ryan Russell wins face-off versus Travis Zajac in Golden Knights zone.
15:29 of 3rd period - Linus Omark is hit by Bobby Ryan.
15:52 of 3rd period - Travis Zajac is hit by Jay Harrison and loses puck.
16:28 of 3rd period - Icing by Barret Jackman.
16:29 of 3rd period - Nathan Horton wins face-off versus Ryan Russell in Golden Knights zone.
16:40 of 3rd period - Shot by Nathan Horton.
16:40 of 3rd period - Stopped by Brian Eklund without a rebound.
16:41 of 3rd period - Tyler Spurgeon wins face-off versus Ville Leino in Golden Knights zone.
16:41 of 3rd period - Marco Scandella is hit by Josh Gorges and loses puck.
16:53 of 3rd period - Minor Penalty to Cam Atkinson for Holding.
16:54 of 3rd period - Mikael Backlund wins face-off versus Niklas Hagman in Capitals zone.
17:27 of 3rd period - Shot by Niklas Hagman.
17:27 of 3rd period - Stopped by Kari Lehtonen without a rebound.
17:28 of 3rd period - Ville Leino wins face-off versus Mikael Backlund in Capitals zone.
17:59 of 3rd period - Shot by Ville Leino.
17:59 of 3rd period - Deflect By Joffrey Lupul.
17:59 of 3rd period - Shot Misses the Net.
18:01 of 3rd period - Shot by Josh Gorges.
18:01 of 3rd period - Shot Blocked by Ryan Whitney.
18:03 of 3rd period - Shot by Josh Gorges.
18:03 of 3rd period - Stopped by Kari Lehtonen without a rebound.
18:04 of 3rd period - Travis Zajac wins face-off versus Matt Ellison in Capitals zone.
18:19 of 3rd period - Shot by Matt Ellison.
18:19 of 3rd period - Stopped by Kari Lehtonen without a rebound.
18:20 of 3rd period - Ville Leino wins face-off versus Mikael Backlund in Capitals zone.
18:37 of 3rd period - Shot by Joffrey Lupul.
18:37 of 3rd period - Shot Misses the Net.
18:39 of 3rd period - Shot by Joffrey Lupul.
18:39 of 3rd period - Deflect By Mattias Ritola.
18:39 of 3rd period - Stopped by Kari Lehtonen with a rebound.
18:43 of 3rd period - Shot by Matt Carle.
18:43 of 3rd period - Shot Blocked by Christian Ehrhoff.
18:45 of 3rd period - Shot by Barret Jackman.
18:45 of 3rd period - Stopped by Kari Lehtonen without a rebound.
18:46 of 3rd period - Travis Zajac wins face-off versus Matt Ellison in Capitals zone.
19:07 of 3rd period - Viktor Tikhonov is hit by Ryan Whitney and loses puck.
19:13 of 3rd period - Viktor Tikhonov is hit by Ryan Whitney.
19:23 of 3rd period - Shot by Viktor Tikhonov.
19:23 of 3rd period - Shot Blocked by Michael Stone.
19:25 of 3rd period - Shot by Ryan Russell.
19:25 of 3rd period - Stopped by Kari Lehtonen without a rebound.
19:26 of 3rd period - Matt Ellison wins face-off versus Nathan Horton in Capitals zone.
19:26 of 3rd period - Matt Ellison is hit by Hampus Lindholm.
19:36 of 3rd period - Shot by Niklas Hagman.
19:36 of 3rd period - Deflect By Matt Ellison.
19:36 of 3rd period - Stopped by Kari Lehtonen without a rebound.
19:37 of 3rd period - Ville Leino wins face-off versus Travis Zajac in Capitals zone.
19:46 of 3rd period - Shot by Joffrey Lupul.
19:46 of 3rd period - Shot Misses the Net.
19:48 of 3rd period - Shot by Ville Leino.
19:48 of 3rd period - Shot Blocked by Marco Scandella.
19:50 of 3rd period - Shot by Joffrey Lupul.
19:50 of 3rd period - Stopped by Kari Lehtonen without a rebound.
19:51 of 3rd period - Nathan Horton wins face-off versus Matt Ellison in Capitals zone.
Goals for this period are 0 for Golden Knights vs 1 for Capitals.
Shots for this period are 16 for Golden Knights vs 11 for Capitals.